AoeStats
← stevenntqaz

Arena

504022884Analyzed
4v4 RM · 28d ago on Sep 3, 2026· 39m 59s· 8 players
Game mode
Random Map
Map size
Large (8 player)
Population
200
Speed
Normal
Resources
Standard
Victory
Conquest
Starting age
Dark Age
Ending age
Imperial Age
RankedLock teamsTeams togetherTeam positionsShared explorationLock speedFull tech treeHidden civsTurbo modeCheats
Victory
Defeat
🇨🇳 Vietnamese · China
1250
+13
🇹🇼 Huns · Taiwan
1230
+14
🇧🇷 Britons · Brazil
1185
+16
🇭🇺 Burgundians · Hungary
1176
+18
🇻🇳 Shu · Vietnam
1207
-16
🇹🇼 Franks · Taiwan
1202
-15
🇭🇰 Khmer · Hong Kong SAR China
1181
-15
🇻🇳 Dravidians · Vietnam
1180
-15
來都來了
10:33 Feudal Age
14:45 Castle Age
13:15 Double-Bit Axe
14:38 Gold Mining
17:18 Bow Saw
18:17 Town Watch
20:15 Wheelbarrow
20:43 Stone Mining
23:15 Loom
28:32 Imperial Age
26:51 Scale Barding Armor
26:57 Forging
29:32 Chain Barding Armor
28:58 Cavalier
32:28 Plate Barding Armor
34:58 Iron Casting
wilsonso35
12:01 Feudal Age
13:31 Wheelbarrow
12:39 Horse Collar
12:47 Double-Bit Axe
12:54 Gold Mining
16:02 Castle Age
17:07 Hand Cart
16:55 Heavy Plow
17:31 Bow Saw
19:40 Stone Mining
20:11 Town Watch
20:25 Loom
21:41 Gold Shaft Mining
23:47 Stone Shaft Mining
25:33 Caravan
26:08 Bloodlines
29:51 Imperial Age
28:15 Husbandry
28:22 Scale Barding Armor
28:56 Town Patrol
29:38 Chain Barding Armor
30:08 Ballistics
31:02 Crop Rotation
31:37 Chemistry
31:05 Conscription
32:37 Plate Barding Armor
32:14 Masonry
33:29 Double Crossbow
33:58 Forging
33:11 Light Cavalry
Tin's
11:38 Feudal Age
15:48 Castle Age
14:04 Double-Bit Axe
14:11 Horse Collar
17:00 Wheelbarrow
16:52 Bow Saw
17:10 Heavy Plow
21:54 Hand Cart
26:25 Loom
26:26 Town Watch
27:26 Ballistics
28:11 Fletching
28:22 Padded Archer Armor
31:00 Imperial Age
29:40 Thumb Ring
30:27 Bodkin Arrow
30:47 Leather Archer Armor
31:25 Gold Mining
31:25 Stone Mining
31:57 Masonry
32:48 Conscription
32:12 Elite Elephant Archer
35:06 Fortified Wall
35:58 Chemistry
Phu Thuy
10:48 Feudal Age
14:32 Castle Age
12:39 Double-Bit Axe
13:28 Horse Collar
15:51 Bow Saw
16:18 Heavy Plow
20:21 Wheelbarrow
20:50 Town Watch
20:55 Loom
22:03 Hand Cart
22:14 Fletching
23:16 Bodkin Arrow
24:59 Squires
25:14 Pikeman
27:11 Gold Mining
30:51 Imperial Age
29:04 Ballistics
28:51 Scale Mail Armor
30:45 Chain Mail Armor
31:04 Thumb Ring
31:02 Padded Archer Armor
31:13 Forging
32:47 Conscription
32:36 Bracer
34:23 Plate Mail Armor
34:09 Leather Archer Armor
33:17 Crossbowman
35:56 Ring Archer Armor
36:24 Siege Engineers
38:12 Bolt Magazine
x* <")))><
9:50 Feudal Age
9:47 Wheelbarrow
8:55 Horse Collar
9:28 Double-Bit Axe
16:52 Castle Age
15:28 Bow Saw
15:36 Heavy Plow
19:05 Two-Man Saw
19:19 Hand Cart
20:24 Crop Rotation
20:27 Gold Mining
21:24 Stone Mining
22:11 Gold Shaft Mining
23:03 Stone Shaft Mining
25:14 Treadmill Crane
25:34 Loom
26:51 Scale Barding Armor
27:59 Chain Barding Armor
27:55 Forging
30:19 Imperial Age
28:11 Town Watch
29:01 Husbandry
30:22 Iron Casting
30:06 Burgundian Vineyards
31:39 Plate Barding Armor
31:28 Conscription
30:54 Elite Coustillier
32:04 Town Patrol
32:28 Ballistics
32:19 Masonry
33:44 Blast Furnace
32:55 Fletching
37:09 Bodkin Arrow
39:40 Bracer
40:43 Chemistry
40:13 Architecture
stevenntqaz
11:08 Feudal Age
15:04 Castle Age
13:25 Double-Bit Axe
14:14 Horse Collar
16:13 Bow Saw
17:14 Wheelbarrow
22:09 Wheelbarrow
22:56 Heavy Plow
24:47 Hand Cart
28:32 Imperial Age
25:51 Loom
26:37 Scale Barding Armor
27:21 Forging
27:34 Bloodlines
27:25 Husbandry
28:29 Gold Mining
29:05 Chain Barding Armor
29:22 Iron Casting
30:01 Marauders
29:23 Elite Tarkan
30:24 Conscription
31:51 Plate Barding Armor
32:17 Blast Furnace
40:57 Conscription
师太爱失态
10:43 Feudal Age
14:27 Castle Age
13:02 Double-Bit Axe
13:33 Horse Collar
15:33 Heavy Plow
21:13 Bow Saw
22:02 Gold Mining
24:07 Pikeman
28:39 Imperial Age
26:45 Wheelbarrow
26:22 Scale Mail Armor
26:13 Fletching
26:50 Squires
26:11 Elite Skirmisher
27:36 Ballistics
27:30 Bodkin Arrow
28:15 Fortified Wall
28:11 Padded Archer Armor
28:53 Chain Mail Armor
29:10 Thumb Ring
29:34 Bracer
30:38 Chemistry
29:47 Stone Mining
29:37 Imperial Skirmisher
31:38 Two-Man Saw
31:37 Leather Archer Armor
33:14 Stone Shaft Mining
33:21 Hand Cart
33:52 Crop Rotation
33:56 Loom
33:56 Town Watch
33:55 Treadmill Crane
34:46 Ring Archer Armor
36:28 Plate Mail Armor
36:09 Forging
37:05 Paper Money
37:26 Town Patrol
37:36 Elite Rattan Archer
38:53 Siege Engineers
39:31 Careening
39:58 Iron Casting
39:07 Halberdier
39:34 Arson
dionathanbh
10:18 Feudal Age
11:32 Loom
14:41 Castle Age
12:40 Double-Bit Axe
14:17 Horse Collar
23:57 Wheelbarrow
23:10 Town Watch
25:51 Gold Mining
27:20 Gold Shaft Mining
26:51 Crossbowman
27:29 Fletching
27:39 Padded Archer Armor
28:26 Bow Saw
28:18 Heavy Plow
32:01 Imperial Age
30:28 Bodkin Arrow
30:48 Leather Archer Armor
30:56 Ballistics
31:05 Fortified Wall
31:46 Hand Cart
31:35 Town Patrol
32:58 Bracer
33:29 Ring Archer Armor
32:30 Elite Skirmisher
33:35 Yeomen
33:35 Conscription
34:19 Chemistry
34:10 Stone Mining
35:23 Two-Man Saw
34:10 Imperial Skirmisher
34:19 Light Cavalry
34:59 Husbandry
34:35 Arbalester
Connection lost

Rejoining the realm…

Still unreachable

The connection could not be restored.

Session expired

The server has moved on; the page needs a fresh start.